 Dungeon Crawl Stone Soup version 0.31.0-11-ge490571c62 (webtiles) character file.

Game seed: 1383963677802067541

451 qw the Shooter (level 6, -1/30 HPs)
             Began as a Spriggan Hunter on Feb 4, 2024.
             Killed by divine providence
             ... invoked by an orc priest
              (16 damage)
             ... on level 5 of the Dungeon.
             The game lasted 00:01:52 (3429 turns).

qw the Shooter (Spriggan Hunter)                    Turns: 3429, Time: 00:01:53

Health: -1/30      AC:  2    Str:  7    XL:     6   Next: 75%
Magic:  7/7        EV: 26    Int: 11    God:
Gold:   264        SH:  0    Dex: 20    Spells: 5/5 levels left

rFire   + . .        a - +2 shortbow
rCold   . . .        (shield currently unavailable)
rNeg    . . .        c - +0 robe
rPois   .            (helmet restricted)
rElec   .            (no cloak)
rCorr   .            (gloves unavailable)
SInv    +            (boots unavailable)
Will    +....        (no amulet)
Stlth   ++           l - +5 ring of evasion
HPRegen 0.25/turn    f - ring of protection from fire
MPRegen 0.10/turn

%: no passive effects
@: very quick
A: very small, no large weapons, unfitting armour, see invisible, speed 3
a: no special abilities


You were on level 5 of the Dungeon.
You visited 1 branch of the dungeon, and saw 5 of its levels.

You collected 264 gold pieces.


Innate Abilities, Weirdness & Mutations

You are very small and have problems with some larger weapons.
You are too small for most types of armour.
You have supernaturally acute eyesight. (SInv)
You cover ground extremely quickly. (Speed+++)


   Skills:
 - Level 2.0 Fighting
 + Level 6.8 Ranged Weapons
 - Level 6.0 Dodging
 - Level 1.5 Stealth


You had 5 spell levels left.
You didn't know any spells.
Your spell library was empty.

Inventory:

Hand Weapons
 a - a +2 shortbow (weapon)
Armour
 c - a +0 robe (worn)
Jewellery
 f - a ring of protection from fire (right hand)
 l - a +5 ring of evasion (left hand)
Wands
 e - a wand of polymorph (14)
 j - a wand of light (5)
Scrolls
 g - 2 scrolls of teleportation
Potions
 b - 2 potions of enlightenment
 d - 4 potions of curing
 h - 2 potions of haste
 i - a potion of heal wounds {unknown}

Dungeon Overview and Level Annotations

Branches:
Dungeon (5/15)
 Temple: D:4-7

Altars:
Ashenzari
Nemelex Xobeh
Trog


Message History

You shoot an arrow. The arrow hits the orc wizard.
The orc wizard is heavily wounded.
The orc wizard completely misses you.
You shoot an arrow. The arrow hits the orc wizard!
You kill the orc wizard!
You now have 256 gold pieces (gained 16).
You open the door.
There is an open door here.
You now have 264 gold pieces (gained 8).
You open the door.
An orc priest and an ogre come into view.
There is an open door here.
You shoot an arrow. The arrow hits the orc priest.
The orc priest shouts!
The orc priest is lightly wounded.
You shoot an arrow. The ogre shouts!
The arrow hits the orc priest.
The orc priest is heavily wounded.
You shoot an arrow. The arrow hits the orc priest.
The orc priest is almost dead.
An orc priest comes into view. It is wielding a +0 whip.
An orc priest comes into view. It is wielding a +0 short sword.
You shoot an arrow.
The arrow closely misses the orc priest.
The orc priest shouts! x2
The arrow hits the ogre.
The ogre is lightly wounded.
You shoot an arrow. The arrow barely misses the orc priest.
The arrow hits the ogre.
The ogre is lightly wounded.
The orc priest mumbles some strange prayers to Beogh against you.
Beogh smites you!
Ouch! That really hurt!
You shoot an arrow. The arrow hits the orc priest.
You kill the orc priest!
The orc priest calls down the wrath of Beogh upon you.
Beogh smites you!
Ouch! That really hurt!
You die...

... #.... ..o #....
.o.. +.... ...O. #....
.....## ###...
#..).#########.#....#
#....#.........+....#
#....@.........#...<#
#....#..##.....#...)##
#..$.#..########......
+....#..#.............
#....#..+..........<..
#....##'#.............
................####..
.................# ..
.........######## ..


You could see an ogre and 2 orc priests.

Vanquished Creatures
  A scorpion (D:4)
  A bombardier beetle (D:4)
  2 orc priests
  A jelly (D:4)
  4 orc wizards
  Robin (D:4)
  A gnoll (D:1)
  5 adders
  3 ribbon worms
  5 dart slugs
  12 orcs
  4 endoplasms
  5 giant cockroaches
  16 goblins
  9 hobgoblins
  11 jackals
  7 quokkas
  4 ball pythons
  6 bats
  2 frilled lizards
  9 kobolds
  5 rats
114 creatures vanquished.

Notes
Turn   | Place    | Note
-------+----------+-------------------------------------------
     0 | D:1      | qw the Spriggan Hunter began the quest for the Orb.
     0 | D:1      | Reached XP level 1. HP: 10/10 MP: 2/2
     0 | D:1      | 0 ||| qw: Version: 0.3-a-160-g6735b56
     0 | D:1      | 0 ||| qw: Game counter: 5980
     0 | D:1      | 0 ||| qw: Melee chars always use a shield: true
     0 | D:1      | 0 ||| qw: God list: Okawaru
     0 | D:1      | 0 ||| qw: Allow faded altars: false
     0 | D:1      | 0 ||| qw: Do Orc after clearing Dungeon:15 true
     0 | D:1      | 0 ||| qw: Do second Lair branch before Depths: true
     0 | D:1      | 0 ||| qw: Lair rune preference: random
     0 | D:1      | 0 ||| qw: Goals: Normal
     0 | D:1      | 0 ||| PLANNING D:1-11
    41 | D:1      | Reached skill level 3 in Dodging
   200 | D:1      | Reached XP level 2. HP: 14/14 MP: 3/3
   338 | D:1      | Reached XP level 3. HP: 13/18 MP: 4/4
   633 | D:1      | Found a faded altar of an unknown god.
   762 | D:1      | 762 ||| UPGRADING to +5 ring of evasion.
   763 | D:1      | 763 ||| READING scroll labelled COIWUM HOERUI.
   764 | D:1      | 764 ||| READING scroll labelled KUOTOI EROYS.
   865 | D:1      | 865 ||| READING scroll labelled GIYN VAXIOM.
   866 | D:1      | 866 ||| READING 2 scrolls labelled VIKUFU NY MUDGH.
   866 | D:1      | 866 ||| IDENTIFYING red potion
   867 | D:1      | 867 ||| READING scroll of identify.
   867 | D:1      | 867 ||| IDENTIFYING grey potion
   868 | D:1      | 868 ||| READING scroll labelled ISEGGAI RABI.
   869 | D:1      | 869 ||| READING 2 scrolls labelled EPSUBEYDOOTH.
   870 | D:1      | 870 ||| DRINKING 2 ruby potions.
   871 | D:1      | 871 ||| DROPPING scroll of butterflies.
   872 | D:1      | 872 ||| DROPPING potion of attraction.
   873 | D:1      | 873 ||| DROPPING scroll of noise.
   884 | D:2      | 884 ||| STAIRDANCE
   915 | D:2      | 915 ||| STAIRDANCE
   925 | D:2      | 925 ||| STAIRDANCE
   935 | D:2      | 935 ||| STAIRDANCE
   937 | D:2      | 937 ||| STAIRDANCE
   947 | D:1      | Reached XP level 4. HP: 13/22 MP: 5/5
  1257 | D:2      | 1257 ||| DROPPING +0 sling of electrocution.
  1352 | D:2      | 1352 ||| UPGRADING to ring of protection from fire.
  1353 | D:2      | 1353 ||| READING scroll of identify.
  1353 | D:2      | 1353 ||| IDENTIFYING scroll labelled VITOESKOSASCH
  1354 | D:2      | 1354 ||| READING scroll labelled ZEOPAT PYOCVOLY.
  1354 | D:2      | 1354 ||| ENCHANTING +0 shortbow.
  1355 | D:2      | 1355 ||| READING scroll labelled CUOFIEHEHIN.
  1360 | D:2      | 1360 ||| DROPPING scroll of poison.
  1413 | D:3      | Found a bloodstained altar of Trog.
  1474 | D:3      | Reached XP level 5. HP: 23/26 MP: 6/6
  1578 | D:3      | 1578 ||| FLEEEEING.
  1579 | D:3      | 1579 ||| FLEEEEING.
  1580 | D:3      | 1580 ||| FLEEEEING.
  1581 | D:3      | 1581 ||| FLEEEEING.
  1585 | D:3      | 1585 ||| DRINKING 3 potions of curing.
  1585 | D:3      | 1585 ||| (to cure confusion)
  1801 | D:3      | Found a broken altar of Ashenzari.
  2128 | D:3      | 2128 ||| READING scroll of identify.
  2128 | D:3      | 2128 ||| IDENTIFYING 2 sedimented dark potions
  2129 | D:3      | 2129 ||| READING scroll labelled SUARCH PUYMESE.
  2130 | D:3      | 2130 ||| READING scroll labelled CEK ZUITSAV.
  2130 | D:3      | 2130 ||| ENCHANTING +1 shortbow.
  2286 | D:4      | Reached skill level 6 in Ranged Weapons
  2322 | D:4      | Noticed Robin
  2323 | D:4      | 2323 ||| FLEEEEING.
  2324 | D:4      | 2324 ||| FLEEEEING.
  2345 | D:4      | Killed Robin
  2477 | D:4      | Reached XP level 6. HP: 25/30 MP: 7/7
  2782 | D:4      | Reached skill level 6 in Dodging
  2864 | D:4      | 2864 ||| READING scroll of enchant weapon.
  2864 | D:4      | 2864 ||| ENCHANTING +1 shortbow.
  3224 | D:4      | Found a sparkling altar of Nemelex Xobeh.
  3364 | D:5      | Entered Level 5 of the Dungeon
  3370 | D:5      | 3370 ||| STAIRDANCE
  3377 | D:5      | 3377 ||| STAIRDANCE
  3391 | D:5      | 3391 ||| STAIRDANCE
  3429 | D:5      | Killed from afar by an orc priest

Levels and vault maps discovered:
D:1:      lemuel_arrival_funnel, layout_basic,
          dilly_ecumenical_altar_fadedgnrine,
          wander_ebering_terrifying_dragon_lair
D:2:      layout_rooms
D:3:      layout_loops_ring, nicolae_ashenzari_panopticon, lemuel_doored_altar,
          nrook_mini_vaults, nrook_uturn, minmay_misc_feat_enclosed
D:4:      layout_loops_corners, nemelex_spade_bored_becter, uniq_robin
D:5:      layout_gridville, mainiacjoe_overflow_cross_hatched,
          nicolae_concentric_dashed_squares_wild

Skill      XL: |  1  2  3  4  5  6 |
---------------+-------------------+-----
Dodging        | 3 4 5 6 |  6.0
Ranged Weapons | 5 6 |  6.8
Fighting       | 2 |  2.0
Stealth        | |  1.5

Action                     |  1- 3 |  4- 6 || total
---------------------------+-------+-------++-------
   Fire: Shortbow          |   107 |   218 ||   325
    Use: Scroll            |     7 |     7 ||    14
         Potion            |     1 |     1 ||     2
 Armour: Robe              |    18 |    21 ||    39
  Dodge: Dodged            |   109 |   105 ||   214

Table legend:
 A = Non-vault XP
 B = Vault XP
 C = Vault XP percentage of total XP
 D = Non-vault monster count
 E = Vault monster count
 F = Vault count percentage of total count
                 A         B        C        D         E       F
            +---------+---------+-------+---------+---------+-------
      Total |     650 |      38 |   5.5 |     100 |      14 |  12.3
            +---------+---------+-------+---------+---------+-------
        D:1 |      97 |       1 |   1.0 |      40 |       1 |   2.4
        D:2 |      52 |       0 |   0.0 |      18 |       0 |   0.0
        D:3 |     122 |       0 |   0.0 |      20 |       0 |   0.0
        D:4 |     309 |      37 |  10.7 |      20 |      13 |  39.4
        D:5 |      70 |       0 |   0.0 |       2 |       0 |   0.0
            +---------+---------+-------+---------+---------+-------
